 Dungeon Crawl Stone Soup version 0.27.0-66-gdc8fb28755 (webtiles) character file.

Game seed: 6023966356373837106

32 Spectrina the Covert (level 3, -2/22 HPs)
             Began as a Vampire Delver on Aug 19, 2021.
             Slain by an adder (4 damage)
             ... on level 3 of the Dungeon on Aug 20, 2021.
             The game lasted 00:02:25 (232 turns).

Spectrina the Covert (Vampire Delver)                Turns: 232, Time: 00:02:26

Health: -2/22      AC:  3    Str:  9 (11) XL:     3   Next: 10%
Magic:  3/3        EV: 11    Int: 10 (12) God:
Gold:   19         SH:  0    Dex: 14 (16) Spells: 2/2 levels left

rFire    . . .     SeeInvis +   a - +0 short sword
rCold    + + .     Faith    .   (no shield)
rNeg     + + +     Spirit   .   b - +0 leather armour
rPois    ∞         Reflect  .   (no helmet)
rElec    .         Harm     .   (no cloak)
rCorr    .         Rampage  .   (no gloves)
Will     .....                  (no boots)
Stlth    ++++++....             (no amulet)
HPRegen  0.00/turn              (no ring)
MPRegen  0.08/turn              (no ring)

@: bloodless, inhibited regen
A: bloodless, fangs 3, see invisible, vampiric 2
a: Bat Form, Revivify


You were on level 3 of the Dungeon.
You visited 1 branch of the dungeon, and saw 3 of its levels.

You collected 19 gold pieces.

Inventory:

Hand Weapons
 a - a +0 short sword (weapon)
 i - a +0 shortbow
Missiles
 h - 47 stones (quivered)
Armour
 b - a +0 leather armour (worn)
Wands
 g - a wand of digging (3)
Scrolls
 c - a scroll of fog
 d - a scroll of magic mapping
 e - a scroll of fear
Potions
 f - a potion of haste
 j - a potion of berserk rage {unknown}


   Skills:
 - Level 2.6 Fighting
 - Level 2.1 Short Blades
 - Level 2.1 Dodging
 + Level 8.8 Stealth


You had 2 spell levels left.
You didn't know any spells.
Your spell library contained the following spells:

 Spells                   Type           Power      Damage    Failure   Level
 Dazzling Flash           Conj/Hex       0%         N/A       85%         3
 Petrify                  Tmut/Erth      0%         N/A       99%         4
 Agony                    Necr           0%         N/A       100%        5
 Irradiate                Conj/Tmut      0%         3d14      100%        5
 Silence                  Hex/Air        0%         N/A       100%        5
 Sublimation of Blood     Necr           Unusable   N/A       N/A         2

Dungeon Overview and Level Annotations

Branches:
Dungeon (5/15)
 Temple: D:4-7

Altars:


Innate Abilities, Weirdness & Mutations

You do not regenerate when monsters are visible.
You are frail without blood (-20% HP).
You can heal yourself when you bite living creatures.
You are immune to poison.
You have razor-sharp teeth.
You have supernaturally acute eyesight. (SInv)
You are afflicted with vampirism and can become a bat while bloodless.


Message History

An adder and a jackal come into view.
The ball python hisses angrily.
The kobold shouts!
The jackal barks!
The ball python bites you. The ball python closely misses you.
The bat barely misses you.
The jackal barks!
Unknown command.
The bat barely misses you. The bat hits you but does no damage.
The bat hits you but does no damage.
You hit the bat.
The bat is severely wounded.
The bat closely misses you. The bat barely misses you.
A rat comes into view.
You completely miss the bat. Your bite misses the bat.
The bat is severely wounded.
The bat closely misses you. The bat hits you.
* * * LOW HITPOINT WARNING * * *
You closely miss the bat.
The bat is severely wounded.
The bat hits you but does no damage.
You miss the bat.
The bat is severely wounded.
The bat closely misses you.
You hit the bat but do no damage.
The bat is severely wounded.
The bat closely misses you. x2
You hit the bat.
You kill the bat!
You hit the jackal.
The jackal is lightly wounded.
You hit the jackal.
The jackal is heavily wounded.
The jackal bites you.
* * * LOW HITPOINT WARNING * * *
The jackal bites you.
* * * LOW HITPOINT WARNING * * *
You hit the jackal.
You kill the jackal!
You barely miss the adder. The adder barely misses you. The adder misses you.
You closely miss the adder. The adder bites you.
You die...

..........###)<#
###.............. #######
###.........##..........
#######.......###..[......
....###....#...##.........
..........................
...####....#....#.........
...####....#.##.##h.......
>....#.......##.@SS.......
.........w.#######K.......
####.....#.# ##.......
##......# ....... ##.###..
....... #.# #..J #######
.. ..### # ###


You could see an adder, a jackal, a ball python and a kobold.

Vanquished Creatures
  A hound skeleton (D:4)
  A gnoll (D:4)
  A worm (D:4)
  An endoplasm (D:3)
  A goblin (D:3)
  A jackal (D:3)
  A bat (D:3)
  A rat (D:3)
8 creatures vanquished.

Notes
Turn   | Place    | Note
-------+----------+-------------------------------------------
     0 | D:5      | Spectrina the Vampire Delver began the quest for the Orb.
     0 | D:5      | Reached XP level 1. HP: 17/17 MP: 1/1
     5 | D:5      | Noticed a gnoll shaman
     5 | D:5      | Noticed a scorpion
   136 | D:4      | Reached skill level 8 in Stealth
   136 | D:4      | Reached XP level 2. HP: 18/18 MP: 2/2
   161 | D:4      | Gained mutation: You are afflicted with vampirism and can
                  | become a bat while bloodless. [Vampire growth]
   161 | D:4      | Reached XP level 3. HP: 5/22 MP: 3/3
   232 | D:3      | Slain by an adder

Illustrated notes

Levels and vault maps discovered:
D:3:      layout_rooms, minmay_vboxes, uniq_terence
D:4:      layout_basic, nicolae_overflow_quartered_altars
D:5:      layout_gridville, mainiacjoe_overflow_tiny_flanked,
          minmay_temple_entry_purple_smoke

Skill      XL: |  1 |
---------------+----+-----
Stealth        | 8 |  8.8
Fighting       | |  2.6
Short Blades   | |  2.1
Dodging        | |  2.1

Action                   || total
-------------------------++-------
Melee: Short sword       ||    23
       Bite              ||     1
 Abil: Exsanguinate      ||     1
       End Transformatio ||     1
       Bat Form          ||     1
 Stab: Sleeping          ||     4
Armor: Leather armour    ||     5
Dodge: Dodged            ||    18
